 Dungeon Crawl Stone Soup version 0.30-a0-355-g4c39ff33d3 (webtiles) character file.

Game seed: 2908216465076841445

1543 Nattfarinn the Slicer (level 8, -1/124 HPs)
             Began as an Ogre Reaver on Nov 8, 2022.
             Was a Follower of Ashenzari.
             Slain by a centaur (4 damage)
             ... on level 7 of the Dungeon.
             The game lasted 00:13:26 (7199 turns).

Nattfarinn the Slicer (Ogre Reaver)                 Turns: 7199, Time: 00:13:28

Health: -1/124     AC: 24    Str: 19    XL:     8   Next: 87%
Magic:  11/11      EV:  1    Int: 16    God:    Ashenzari [*.....]
Gold:   277        SH:  0    Dex:  7    Spells: 8/11 levels left

rFire   . . .      SeeInvis +    s - +5 rapier "Tethered Regret" {speed, rPois rC++ Int+2 Stlth+, Elem, Melee} (curse)
rCold   + + .      Faith    .    (no shield)
rNeg    . . .      Spirit   .    (body armour currently unavailable)
rPois   +          Reflect  .    (helmet currently unavailable)
rElec   .          Harm     .    (cloak currently unavailable)
rCorr   .          Rampage  .    (gloves unavailable)
Will    .....      NoTele   +    (boots unavailable)
Stlth   ++........               (no amulet)
HPRegen 0.40/turn                t - ring "Enigmatic Servitude" {SInv, Melee, Bglg} (curse)
MPRegen 0.12/turn                y - ring of flight

@: tree-form
A: stationary, stasis, torment immunity, boosted hp, large, unfitting armour,
(tough skin 1)
a: Renounce Religion, Shatter the Chains


You were on level 7 of the Dungeon.
You worshipped Ashenzari.
Ashenzari was aware of your devotion.
You were a tree.
You visited 1 branch of the dungeon, and saw 7 of its levels.
You also visited: Sewer.

You collected 277 gold pieces.

Inventory:

Hand Weapons
 a - a +0 spear
 f - a +2 dagger of flaming
 s - the cursed +5 rapier "Tethered Regret" (weapon) {speed, rPois rC++ Int+2 Stlth+, Elem, Melee}
   (You took it off a goblin on level 3 of the Dungeon)

   Attacks with this weapon are significantly faster.
   Int:       It affects your intelligence (+2).
   rC:        It greatly protects you from cold.
   rPois:     It protects you from poison.
   Stlth:     It makes you more stealthy.
   It has a curse which improves the following skills: Elements: Fire Magic, Ice
   Magic, Air Magic and Earth Magic.
   Melee Combat: Short Blades, Long Blades, Axes, Maces & Flails, Polearms,
   Staves and Unarmed Combat.
Armour
 b - a +0 robe (melded)
Jewellery
 t - the cursed ring "Enigmatic Servitude" (left branch) {SInv, Melee, Bglg}
   (You found it in a sewer)

   [ring of see invisible]

   SInv:      It lets you see invisible.
   It has a curse which improves the following skills: Melee Combat: Short
   Blades, Long Blades, Axes, Maces & Flails, Polearms, Staves and Unarmed
   Combat.
   Beguiling: Conjurations, Hexes and Translocations.
 w - a ring of willpower
 y - a ring of flight (right branch)
Wands
 u - a wand of polymorph (4)
 B - a wand of iceblast (9)
Scrolls
 d - 9 scrolls of identify
 e - 2 scrolls of butterflies
 g - 4 scrolls of magic mapping
 h - 2 scrolls of noise
 i - 3 scrolls of enchant armour
 k - 2 scrolls of immolation
 m - a scroll of poison
 n - 2 scrolls of teleportation
 o - a scroll of blinking
 p - 2 scrolls of summoning
 q - a scroll of brand weapon
 z - a scroll of enchant weapon
Potions
 r - a potion of mutation
 v - a potion of flight
 x - a potion of brilliance
 A - 2 potions of attraction


   Skills:
 - Level 6.1 Fighting
 * Level 9.0(10.4) Short Blades
 - Level 3.0(4.1) Polearms
 - Level 1.7 Dodging
 - Level 2.4 Spellcasting
 - Level 2.6(3.4) Conjurations


You had 8 spell levels left.
You knew the following spells:

 Your Spells              Type           Power      Damage    Failure   Level
a - Kiss of Death         Conj/Necr      28%        2d7       10%         1
b - Momentum Strike       Conj/Tloc      14%        3d8       14%         2

Your spell library contained the following spells:

 Spells                   Type           Power      Damage    Failure   Level
 Slow                     Hex            8%         N/A       19%         1
 Blink                    Tloc           4%         N/A       28%         2
 Hailstorm                Conj/Ice       7%         3d4       28%         3
 Confusing Touch          Hex            2%         N/A       50%         3
 Gell's Gravitas          Tloc           2%         N/A       50%         3
 Lesser Beckoning         Tloc           4%         N/A       50%         3
 Teleport Other           Tloc           2%         N/A       50%         3
 Vampiric Draining        Necr           1%         2d6       52%         3
 Manifold Assault         Tloc           2%         N/A       88%         4
 Storm Form               Tmut/Air       1%         N/A       100%        7


Dungeon Overview and Level Annotations

Branches:
Dungeon (7/15)             Temple (0/1) D:5           Sewer (visited)

Altars:
Ashenzari
Hepliaklqana
Qazlal
Lugonu

Portals:
Abyss: D:1

Annotations:
D:1 2 runed translucent doors


Innate Abilities, Weirdness & Mutations

You are a tree.
Your roots penetrate the ground, keeping you stationary.
You cannot be teleported.
You are immune to unholy pain and torment.
Your maximum health is greatly increased.
Your equipment is partially melded.
You are too large for most types of armour.
((You have tough skin. (AC +1)))


Message History

* * * LOW HITPOINT WARNING * * *
The centaur kicks you but does no damage.
The kobold hits you with a +0 club.
* * * LOW HITPOINT WARNING * * *
The kobold barely misses you. x2; The kobold hits you but does no damage.
Unknown command.
Really quaff the potion of lignification?
You turn into a tree.
Your +0 robe melds into your body.
Your roots penetrate the ground.
The centaur hits you.
* * * LOW HITPOINT WARNING * * *
The centaur kicks you but does no damage.
The kobold hits you but does no damage. x3; The kobold completely misses you.
The centaur hits you but does no damage.
The centaur kicks you but does no damage.
You barely miss the centaur.
The centaur is heavily wounded.
Unknown command.
You hit the centaur.
The centaur is severely wounded.
The centaur hits you but does no damage.
The centaur kicks you but does no damage.
You hit the centaur.
The centaur is severely wounded.
The kobold hits you but does no damage.
The kobold hits you with a +0 short sword.
* * * LOW HITPOINT WARNING * * *
The kobold hits you but does no damage. The kobold hits you with a +0 club.
* * * LOW HITPOINT WARNING * * *
Unknown command.
Okay, then.
Okay, then.
Okay, then.
Okay, then.
Something appears at your feet!
The centaur hits you but does no damage.
The centaur kicks you but does no damage.
The kobold zaps a wand.
The puff of flame hits you but does no damage.
The kobold hits you but does no damage. The centaur hits you.
You die...

#............ ###
............ #....
........... ......#
#..........
#......##..........
#..................
##.....(....KK......
#..........)♣cK.....
###...........KK......
###...........Y####.....
.§)[............# .#...
####............##.. ..
.# #................ .
.###................
...##......).....(..#
...........#.....####


You could see a sky beast, a centaur and 5 kobolds.

Vanquished Creatures
  A steam dragon (D:6)
  A water moccasin (D:6)
  Duvessa (D:6)
  A black bear (D:7)
  An ogre (D:6)
  3 centaurs
  A kobold brigand (D:7)
  2 bullfrogs (Sewer)
  2 scorpions
  2 hounds (D:5)
  A jelly (D:6)
  3 orc priests
  3 orc wizards
  4 adders
  3 ufetubi (D:5)
  23 orcs
  11 ball pythons
  6 endoplasms
  13 giant cockroaches
  5 goblins
  7 hobgoblins
  2 jackals (D:2)
  14 quokkas
  A bat (D:2)
  14 frilled lizards
  5 kobolds
  4 rats
134 creatures vanquished.

Vanquished Creatures (others)
  Dowan (D:6)
1 creature vanquished.

Grand Total: 135 creatures vanquished

Notes
Turn   | Place    | Note
-------+----------+-------------------------------------------
     0 | D:1      | Nattfarinn the Ogre Reaver began the quest for the Orb.
     0 | D:1      | Reached XP level 1. HP: 22/22 MP: 3/3
    73 | D:1      | Found a large runed translucent door.
    73 | D:1      | Found a large runed translucent door.
    75 | D:1      | Noticed a quasit
    83 | D:1      | Noticed a crimson imp
    87 | D:1      | Found a corrupted altar of Lugonu.
    87 | D:1      | Found a one-way gate to the infinite horrors of the Abyss.
    88 | D:1      | Noticed an iron imp
    89 | D:1      | Noticed a crimson imp
   280 | D:1      | Reached XP level 2. HP: 32/32 MP: 5/5
  1443 | D:2      | Reached XP level 3. HP: 36/40 MP: 6/6
  2135 | D:3      | Reached skill level 5 in Fighting
  2303 | D:3      | Reached XP level 4. HP: 45/48 MP: 5/7
  2625 | D:3      | Identified the +5 rapier of the Histrionic God {speed,
                  | rPois rC++ Int+2 Stlth+}
  2956 | D:4      | Found a stormy altar of Qazlal.
  3028 | D:4      | Found a glowing drain.
  3055 | Sewer    | Entered a sewer
  3109 | Sewer    | Reached skill level 1 in Short Blades
  3155 | Sewer    | Reached XP level 5. HP: 50/51 MP: 8/8
  3266 | Sewer    | Reached skill level 2 in Short Blades
  3404 | Sewer    | Reached skill level 3 in Short Blades
  3411 | Sewer    | Reached XP level 6. HP: 19/67 MP: 9/9
  3619 | Sewer    | Learned a level 2 spell: Momentum Strike
  3709 | D:4      | Found a hazy altar of Hepliaklqana.
  3767 | D:4      | Found a broken altar of Ashenzari.
  3822 | D:4      | Became a worshipper of Ashenzari the Shackled
  3884 | D:4      | Reached skill level 4 in Short Blades
  4471 | D:5      | Entered Level 5 of the Dungeon
  4499 | D:5      | Found a staircase to the Ecumenical Temple.
  4789 | D:5      | Reached XP level 7. HP: 57/75 MP: 10/10
  4828 | D:5      | Reached skill level 5 in Short Blades
  4955 | D:5      | Reached skill level 6 in Short Blades
  5327 | D:6      | Noticed a steam dragon
  5343 | D:6      | Killed a steam dragon
  5576 | D:6      | Reached XP level 8. HP: 67/83 MP: 11/11
  5670 | D:6      | Reached skill level 7 in Short Blades
  5941 | D:6      | Noticed Duvessa
  6063 | D:6      | Noticed Dowan
  6087 | D:6      | Killed Duvessa
  6107 | D:6      | Killed Dowan
  6336 | D:6      | Reached skill level 8 in Short Blades
  6336 | D:6      | HP: 1/78 [poisoned by a water moccasin]
  6855 | D:7      | Reached * piety under Ashenzari
  6855 | D:7      | Identified a scroll of acquirement
  7189 | D:7      | Reached skill level 9 in Short Blades
  7193 | D:7      | HP: 2/83 [centaur (5)]
  7198 | D:7      | HP: 6/124 [kobold/+0 short sword (3)]
  7199 | D:7      | Acquired the ring of Doubts {rPois MP+9 Int+6 Dex+6 Stlth-}
  7199 | D:7      | Slain by a centaur

Illustrated notes

Levels and vault maps discovered:
D:1:      erik_arrival_cave_to_civilisation [erik_arrival_cave_to_temple],
          layout_basic
D:2:      wad_pebble_path, layout_loops_corners, chequers_serial_rivers_large_a
D:3:      layout_basic
D:4:      layout_basic, mainiacjoe_overflow_alcove_4, kennysheep_mini,
          nicolae_hepliaklqana_hippocampus, portal_sewer_entry_f, st_stairs_8,
          grunt_decor_clamped
D:5:      layout_basic, minmay_temple_entry_grid
D:6:      layout_rooms, uniq_duvessa
D:7:      layout_cave_pools, marbit_many_paths, gammafunk_ghost_stat_death,
          hangedman_glass_teeth

Skill      XL: |  1  2  3  4  5  6  7  8 |
---------------+-------------------------+-----
Fighting       | 3 4 5 6 |  6.1
Short Blades   | 1 3 4 6 9 |  9.0
Polearms       | |  3.0
Dodging        | |  1.7
Spellcasting   | |  2.4
Conjurations   | |  2.6

Action                   |  1- 3 |  4- 6 |  7- 9 || total
-------------------------+-------+-------+-------++-------
Melee: Spear             |   161 |    17 |       ||   178
       Rapier            |       |   182 |   179 ||   361
       Dagger            |       |    14 |       ||    14
       Punch             |       |     3 |     1 ||     4
 Cast: Kiss of Death     |     1 |     1 |     2 ||     4
       Momentum Strike   |       |     1 |     3 ||     4
Invok: Curse Item        |       |       |     2 ||     2
  Use: Potion            |     2 |     1 |     5 ||     8
       Scroll            |       |       |     2 ||     2
 Stab: Sleeping          |       |     3 |     2 ||     5
       Distracted        |       |       |     1 ||     1
Armor: Robe              |    44 |    39 |    45 ||   128
       Skin              |       |     3 |    18 ||    21
Dodge: Dodged            |    54 |    82 |    70 ||   206

Table legend: (Time is in decaauts)
 A = Elapsed time spent in this place.
 B = Non-inter-level travel time spent in this place.
 C = Inter-level travel time spent in this place.
 D = Time resting spent in this place.
 E = Time spent auto-exploring this place.
 F = Levels seen in this place.
 G = Mean time per level.
                   A        B        C        D        E       F      G
               +--------+--------+--------+--------+--------+-----+--------+
         Total |   7111 |   6877 |    234 |    888 |   4928 |   8 |  888.9 |
       Dungeon |   6520 |   6286 |    234 |    704 |   4790 |   7 |  931.4 |
         Sewer |    591 |    591 |      0 |    184 |    138 |   1 |  591.0 |
               +--------+--------+--------+--------+--------+-----+--------+

Top non-repeatable levels by time:
     D:6: 1753 daAuts
     D:1: 1149 daAuts
     D:2: 968 daAuts
     D:4: 945 daAuts
     D:3: 821 daAuts
     D:5: 759 daAuts
   Sewer: 591 daAuts
     D:7: 124 daAuts
